 Dungeon Crawl Stone Soup version 0.16.0-18-g484a79e (webtiles) character file.

630 Huymann the Ducker (level 7, -3/56 HPs)
             Began as a Demigod Fire Elementalist on Mar 23, 2015.
             Blown up by a goblin (22 damage)
             ... with a wand of disintegration
             ... on level 5 of the Dungeon.
             The game lasted 00:30:42 (4574 turns).

Huymann the Ducker (Demigod Fire Elementalist)      Turns: 4574, Time: 00:30:42

Health: -3/56      AC:  6    Str: 11    XL:     7   Next: 3%
Magic:  8/18       EV: 14    Int: 21    God:
Gold:   242        SH:  0    Dex: 18    Spells: 4 memorised, 3 levels left

rFire  . . .     SeeInvis .     h - +4 quarterstaff (chaos)
rCold  + . .     Clarity  +     a - +0 robe
rNeg   . . .     SustAb   +     (no shield)
rPois  .         Gourm    .     I - +0 helmet
rElec  .         Spirit   .     t - +0 cloak
rCorr  .         Warding  .     O - +1 pair of gloves "Chupal" {rC+}
rMut   .         Stasis   .     (no boots)
MR     .....                    v - amulet of clarity
Stlth  +++.......               (no ring)
                                (no ring)

@: lethally poisoned (-3 -> -6), very slightly contaminated, not resistant to
hostile enchantments, fairly stealthy
A: sustain abilities
a: no special abilities


You were on level 5 of the Dungeon.
You were not hungry.

You visited 1 branch of the dungeon, and saw 5 of its levels.

You collected 242 gold pieces.

Inventory:

Hand weapons
 e - a +0 dagger
 g - a +0 club
 h - a +4 quarterstaff of chaos (weapon)
 j - a cursed -2 hunting sling
 k - a +0 arbalest
 m - a +0 whip
 r - a +1 rapier
 y - a +2 hunting sling of flaming
 B - a +0 blowgun
 N - a +0 shortbow
Missiles
 f - 4 poisoned javelins (quivered)
 i - 95 arrows
 q - 35 sling bullets
 C - 2 curare-tipped needles
Armour
 a - a +0 robe (worn)
 l - a +0 robe
 t - a +0 cloak (worn)
 I - a +0 helmet (worn)
 O - the +1 pair of gloves "Chupal" (worn) {rC+}
   (You found it on level 5 of the Dungeon)

   It protects you from cold.
Jewellery
 v - an amulet of clarity (around neck)
Magical devices
 z - a wand of invisibility (4)
 K - a wand of draining (3)
Scrolls
 A - 3 scrolls of fog
 G - 2 scrolls of remove curse
 H - a scroll of teleportation
Potions
 d - 2 potions of curing
 n - a potion of heal wounds {unknown}
 p - a potion of invisibility {unknown}
 s - 2 potions of agility
 w - a potion of restore abilities
 E - a potion of lignification {unknown}
 F - 2 potions of brilliance
 M - a potion of berserk rage {unknown}
 P - a potion of mutation {unknown}
Books
 b - a book of Flames

   Spells                             Type                      Level
   a - Flame Tongue                   Conjuration/Fire             1
   b - Throw Flame                    Conjuration/Fire             2
   c - Conjure Flame                  Conjuration/Fire             3
   d - Inner Flame                    Hexes/Fire                   3
   e - Sticky Flame                   Conjuration/Fire             4
   f - Fireball                       Conjuration/Fire             5
 u - a book of Necromancy

   Spells                             Type                      Level
   a - Pain                           Necromancy                   1
   b - Animate Skeleton               Necromancy                   1
   c - Vampiric Draining              Necromancy                   3
   d - Regeneration                   Charms/Necromancy            3
   e - Animate Dead                   Necromancy                   4
   f - Control Undead                 Necromancy                   4
Comestibles
 c - 3 bread rations
 o - 4 fruits
 x - a royal jelly
 D - a meat ration
 J - a beef jerky
 L - a chunk of flesh


   Skills:
 * Level 2.3 Fighting
 + Level 0.6 Short Blades
 * Level 2.0 Staves
 + Level 0.6 Throwing
 * Level 3.9 Dodging
 * Level 3.2 Stealth
 * Level 2.6 Spellcasting
 * Level 2.0 Conjurations
 + Level 1.0 Necromancy
 * Level 3.6 Fire Magic


You had 3 spell levels left.
You knew the following spells:

 Your Spells              Type           Power        Failure   Level  Hunger
a - Flame Tongue          Conj/Fire      ##...        6%          1    None
b - Conjure Flame         Conj/Fire      ##......     17%         3    ###....
c - Pain                  Necr           #...         12%         1    None
d - Inner Flame           Hex/Fire       ##......     24%         3    ###....


Dungeon Overview and Level Annotations

Branches:
Dungeon (5/15)
 Temple: D:4-7

Annotations:
D:4 Alteisentier's ghost, experienced FoFi


Innate Abilities, Weirdness & Mutations

Your attributes are resistant to harm.


Message History

The goblin is no longer moving slowly.
You barely miss the goblin.
The goblin is heavily wounded.
The goblin zaps a wand.
You are blasted!
The goblin throws a stone.
The stone barely misses you. The worker ant bites you.
The goblin zaps a wand.
You struggle to resist.
The goblin throws a stone.
The stone closely misses you.
You hit the worker ant.
The worker ant is lightly wounded.
The worker ant closely misses you. The goblin hits you.
The worker ant bites you.
You are poisoned.
The worker ant poisons you!
You hit the worker ant.
The worker ant is moving more slowly.
The worker ant is heavily wounded.
You feel sick.
The worker ant bites you but does no damage.
The goblin closely misses you.
You feel sick.
The goblin zaps a wand.
You are blasted!
You die...

......................########
........(.............#
.......................#
######.....(......(...# .#.#.
#..((............#
#≈≈≈≈§†#§(..(...........#
_...§o§g§..(..(.........#
#≈≈≈≈§§#§..(..##+##.....#
#.#.#.#....((a@..#.....# # #
#......#g..#.....#
#........#>..+.....+
#........#..[#.....#
#........#...#.[...#
+........#...# +##
........'.... $......#.....
....#..


You could see a worker ant (petrifying) and a goblin.

Vanquished Creatures
  An ogre (D:4)
  A centaur (D:5)
  2 crimson imps (D:5)
  A hound (D:5)
  Crazy Yiuf (D:3)
  A centaur skeleton (D:4)
  A giant frog skeleton (D:4)
  A worker ant (D:5)
  Terence (D:3)
  9 adders
  8 gnolls
  An adder zombie (D:3)
  An adder skeleton (D:4)
  4 giant geckos
  An ooze (D:2)
  3 orcs
  A ball python (D:3)
  A bat skeleton (D:5)
  A bat zombie (D:3)
  2 giant cockroaches
  8 goblins
  6 hobgoblins
  3 jackals (D:4)
  12 kobolds
  9 bats
  4 giant newts
  8 rats
92 creatures vanquished.

Notes
Turn   | Place    | Note
--------------------------------------------------------------
     0 | D:1      | Huymann, the Demigod Fire Elementalist, began the quest for the Orb.
     0 | D:1      | Reached XP level 1. HP: 14/14 MP: 3/3
   734 | D:1      | Reached XP level 2. HP: 8/20 MP: 2/5
  1506 | D:2      | You fall through a shaft!
  1605 | D:3      | Found a shadowy altar of Dithmenos.
  1625 | D:3      | Reached skill level 1 in Conjurations
  1679 | D:3      | Reached XP level 3. HP: 27/27 MP: 6/8
  1728 | D:3      | Learned a level 3 spell: Conjure Flame
  1767 | D:3      | Reached skill level 3 in Fire Magic
  1920 | D:3      | Noticed Crazy Yiuf
  1931 | D:3      | Killed Crazy Yiuf
  2022 | D:3      | Reached XP level 4. HP: 28/34 MP: 10/10
  2039 | D:3      | Learned a level 1 spell: Pain
  2291 | D:3      | Noticed Terence
  2295 | D:3      | Killed Terence
  2330 | D:3      | Reached skill level 1 in Fighting
  3116 | D:2      | Reached XP level 5. HP: 20/40 MP: 8/12
  3570 | D:3      | Learned a level 3 spell: Inner Flame
  3704 | D:4      | Noticed an ogre
  3714 | D:4      | Reached skill level 1 in Staves
  3766 | D:4      | Killed an ogre
  3766 | D:4      | Reached XP level 6. HP: 46/48 MP: 15/15
  3952 | D:4      | Found a radiant altar of Vehumet.
  4120 | D:4      | Noticed Alteisentier's ghost (experienced FoFi)
  4333 | D:5      | Entered Level 5 of the Dungeon
  4400 | D:5      | Reached skill level 1 in Necromancy
  4404 | D:5      | Found a burning altar of Makhleb.
  4424 | D:5      | Got a pair of pitted gloves
  4425 | D:5      | Identified the +1 pair of gloves "Chupal" {rC+} (You found it on level 5 of the Dungeon)
  4438 | D:5      | Found a deep blue altar of Sif Muna.
  4440 | D:5      | Found a glowing golden altar of the Shining One.
  4474 | D:5      | Found a shimmering altar of Xom.
  4475 | D:5      | Found a basalt altar of Yredelemnul.
  4509 | D:5      | Reached XP level 7. HP: 52/56 MP: 17/17
  4554 | D:5      | Found an iron altar of Okawaru.
  4574 | D:5      | Blown up by a goblin

Action                   |  1- 3 |  4- 6 |  7- 9 || total
-------------------------+-------+-------+-------++-------
Melee: Dagger            |    68 |       |       ||    68
       Unarmed           |     4 |       |       ||     4
       Quarterstaff      |     5 |   128 |     6 ||   139
       Rapier            |     4 |       |       ||     4
Throw: Javelin           |    21 |     3 |       ||    24
 Cast: Flame Tongue      |    32 |    22 |       ||    54
       Conjure Flame     |     2 |     5 |     1 ||     8
       Pain              |       |     4 |     2 ||     6
       Inner Flame       |       |       |     2 ||     2
  Use: Scroll            |     6 |     5 |     1 ||    12
       Potion            |       |     1 |       ||     1
 Stab: Sleeping          |     3 |     3 |       ||     6
       Distracted        |       |     1 |       ||     1
       Paralysed         |       |     1 |       ||     1
  Eat: Chunk             |     4 |     9 |       ||    13
